AoeStats
← JUST GIVE UP784

Arena

504654382Analyzed
1v1 RM · 25d ago on Sep 6, 2026· 33m 8s· 2 players
Game mode
Random Map
Map size
Tiny (2 player)
Population
200
Speed
Normal
Resources
Standard
Victory
Conquest
Starting age
Dark Age
Ending age
Imperial Age
RankedLock teamsTeams togetherTeam positionsShared explorationLock speedFull tech treeHidden civsTurbo modeCheats
Victory
Defeat
🇨🇱 Byzantines · Chile
272
+16
🇫🇷 Berbers · France
262
-16
JUST GIVE UP784
9:26 Loom
12:22 Feudal Age
13:40 Wheelbarrow
12:51 Town Watch
20:50 Castle Age
20:30 Double-Bit Axe
20:27 Horse Collar
22:49 Man-at-Arms
arturoign.diaz
12:16 Feudal Age
14:20 Wheelbarrow
15:37 Double-Bit Axe
21:26 Castle Age
20:49 Horse Collar
23:52 Heavy Plow
24:04 Bow Saw
23:46 Gold Mining
23:46 Stone Mining
Connection lost

Rejoining the realm…

Still unreachable

The connection could not be restored.

Session expired

The server has moved on; the page needs a fresh start.